 Dungeon Crawl Stone Soup version 0.32-a0-616-g9348d4545b (webtiles) character file.

Game seed: 16843607944083373769

744 ezpacito the Chopper (level 7, -3/55 HPs)
             Began as a Coglin Chaos Knight on Mar 5, 2024.
             Was a Plaything of Xom.
             Slain by Pikel
             ... wielding a +2 whip of freezing
              (6 damage)
             ... on level 5 of the Dungeon.
             The game lasted 00:08:39 (4144 turns).

ezpacito the Chopper (Coglin Chaos Knight)          Turns: 4144, Time: 00:08:40

Health: -3/55      AC: 10    Str: 14    XL:     7   Next: 76%
Magic:  9/9        EV: 10    Int: 10    God:    Xom [....*.]
Gold:   227        SH:  0    Dex: 13    Spells: 5/9 levels left

rFire   . . .        a - +0 hand axe (chaos) {Kateb}
rCold   . . .        x - +0 trident (vamp) {Synnove}
rNeg    . . .        e - +2 scale mail {rPois}
rPois   +            (no helmet)
rElec   .            l - scarf {harm}
rCorr   .            j - +0 pair of gloves
SInv    .            m - +2 pair of boots
Will    +....        (amulet unavailable) Stlth
                     (ring unavailable)
HPRegen 0.29/turn    (ring unavailable)
MPRegen 0.11/turn    (no gizmo)

%: harm (+30% outgoing, +20% incoming)
@: enlightened, flying, revving
A: off-hand wielding, slow wielding, warmup strikes, no jewellery, deformed
body, dopey 1
a: Invent Gizmo, Renounce Religion


You were on level 5 of the Dungeon.
You worshipped Xom.
You were a beloved toy of Xom.
You visited 2 branches of the dungeon, and saw 6 of its levels.

You collected 227 gold pieces.

Inventory:

Hand Weapons
 a - a +0 hand axe of chaos (weapon) {Kateb}
 s - a +0 trident of flaming
 x - a +0 vampiric trident (offhand) {Synnove}
Missiles
 o - 2 poisoned darts
 p - 6 boomerangs
Armour
 b - a +0 plate armour
 d - a +2 leather armour of cold resistance
 e - a +2 scale mail of poison resistance (worn)
 j - a +0 pair of gloves (worn)
 l - a scarf of harm (worn)
 m - a +2 pair of boots (worn)
Magical Staves
 f - a staff of cold
 w - a staff of death
Talismans
 r - a serpent talisman
Wands
 c - a wand of mindburst (14)
Scrolls
 g - 2 scrolls of vulnerability
 i - a scroll of identify
 n - a scroll of amnesia
 t - 2 scrolls of teleportation
Potions
 h - a potion of haste
 k - a potion of enlightenment
 q - a potion of curing


   Skills:
 * Level 4.5 Fighting
 * Level 4.6(4.8) Axes
 + Level 1.6(3.2) Polearms
 * Level 3.5 Armour
 * Level 2.9 Dodging
 + Level 1.7 Stealth
 + Level 1.5 Spellcasting
 + Level 1.0 Alchemy
 + Level 2.4 Evocations


You had 5 spell levels left.
You knew the following spells:

 Your Spells              Type           Power      Damage    Failure   Level
a - Necrotise             Necr           0%         1d4       80%         1
b - Sting                 Conj/Alch      4%         1d3       73%         1
c - Summon Small Mammal   Summ           0%         N/A       80%         1
g - Apportation           Tloc           0%         N/A       80%         1

Your spell library contained the following spells:

 Spells                   Type           Power      Damage    Failure   Level
 Kiss of Death            Conj/Necr      0%         2d5       80%         1
 Confusing Touch          Hex            0%         N/A       99%         3
 Stone Arrow              Conj/Erth      0%         3d7       99%         3
 Animate Armour           Summ/Erth      0%         N/A       100%        4
 Dispel Undead            Necr           0%         3d6       100%        4
 Lehudib's Crystal Spear  Conj/Erth      0%         10d2      100%        8


Dungeon Overview and Level Annotations

Branches:
Dungeon (5/15)             Temple (1/1) D:5

Altars:
Ashenzari
Cheibriados
Dithmenos
Elyvilon
Fedhas
Gozag
Kikubaaqudgha
Makhleb
Nemelex Xobeh
Okawaru
Ru
Uskayaw
Vehumet
Wu Jian
Xom
Zin
The Shining One

Shops:
D:2 [(((:   D:3 (

Annotations:
D:5 Pikel


Innate Abilities, Weirdness & Mutations

You can wield a second weapon in your off-hand.
It takes a long time for you to wield or remove held weapons.
Your first few attacks do less damage.
You cannot equip rings or amulets.
Armour fits poorly on your strangely shaped body.
You are dopey. (Int -2)


Message History

The lemure shouts!
You hit Pikel but do no damage.
Pikel is moderately wounded.
You hit Pikel but do no damage.
Pikel seems to grow stronger.
You hit the lemure but do no damage.
You hear a shout!
The lemure barely misses you.
Pikel hits you with a +2 whip of freezing.
Pikel freezes you.
You take 3 damage, and have 36/55 hp.
Okay, then.
The lemure attacks as it pursues you! The lemure hits you.
You take 3 damage, and have 33/55 hp.
An orc comes into view. It is wielding a +0 mace.
Pikel hits you but does no damage.
There is an open door here.
You hit Pikel with your +0 vampiric trident.
Pikel is moderately wounded.
You hit Pikel but do no damage.
You closely miss the lemure with your +0 hand axe of chaos.
The lemure hits you but does no damage.
Pikel hits you with a +2 whip of freezing!
Pikel freezes you.
* * * LOW HITPOINT WARNING * * *
The lemure barely misses you.
You take 18 damage, and have 15/55 hp.
MASSIVE DAMAGE!!
You feel better. Pikel completely misses you.
You regained 11 hp, and now have 26/55 hp.
You feel better.
Pikel hits you with a +2 whip of freezing!!
* * * LOW HITPOINT WARNING * * *
Pikel freezes you!
* * * LOW HITPOINT WARNING * * *
You take 23 damage, and have 3/55 hp.
MASSIVE DAMAGE!!
You feel very buoyant.
You fly up into the air.
Pikel hits you with a +2 whip of freezing.
You die...
Pikel says, "Another soul for the market."
Xom chortles!

##########)# ###
..........#.# ..#
............# #.#
............#### #.#
..........§§§..# ###'###
...(......#§#..# #.....#
..........#§#..#
...#.⌠.o5##..........#§#..#
#....'..>55K@..........#§#..#
#....#.⌠.⌠5##.........##§##..
#....#.....# #####....#§§§#.#
#... ###'### #####..#._.#.#
#... #..######......#...#.#
#K. ##.)...##.####.##.##..
#.. #####.##.# #..#.#...
#.##.# #..#.#... #....#
#..#.#..#


You could see Pikel (strong), 4 lemures and an orc.

Vanquished Creatures
  Eustachio (D:5)
  2 scorpions
  2 bombardier beetles (D:5)
  An orc priest (D:5)
  2 jellies
  A sleepcap (D:5)
  4 iguanas
  3 gnolls (D:3)
  4 adders
  2 white imps (D:5)
  A dart slug (D:2)
  11 orcs
  10 endoplasms
  3 giant cockroaches
  9 goblins
  7 hobgoblins
  3 jackals (D:4)
  3 quokkas
  6 ball pythons
  12 bats
  6 frilled lizards
  3 goblin skeletons (D:5)
  2 goblin zombies (D:5)
  10 kobolds
  A kobold skeleton (D:5)
  An orc skeleton (D:5)
  5 rats
115 creatures vanquished.

Vanquished Creatures (others)
  A human (D:3)
  An orc priest (D:4)
2 creatures vanquished.

Grand Total: 117 creatures vanquished

Notes
Turn   | Place    | Note
-------+----------+-------------------------------------------
     0 | D:1      | ezpacito the Coglin Chaos Knight began the quest for the
                  | Orb.
     0 | D:1      | Reached XP level 1. HP: 18/18 MP: 1/1
   180 | D:1      | Reached skill level 1 in Dodging
   180 | D:1      | Reached XP level 2. HP: 23/24 MP: 2/2
   256 | D:1      | XOM: divination: detect creatures
   653 | D:2      | Reached XP level 3. HP: 28/29 MP: 3/3
   685 | D:2      | Found Puidduf's Book Emporium.
   725 | D:2      | Found Daucuis's Weapon Boutique.
   832 | D:2      | Reached XP level 4. HP: 9/35 MP: 4/4
  1070 | D:2      | XOM: silly message
  1085 | D:2      | Found Orrison's Antique Weapon Emporium.
  1197 | D:2      | XOM: silly message
  1289 | D:2      | Found Buibuot's Antique Armour Shop.
  1365 | D:2      | Found Qeelyene's Antique Weapon Boutique.
  1567 | D:3      | Found an ancient bone altar of Kikubaaqudgha.
  1862 | D:3      | Noticed a human
  1864 | D:3      | Killed a human
  1917 | D:3      | Found Boghi's Weapon Boutique.
  1960 | D:3      | Reached skill level 1 in Evocations
  1960 | D:3      | Reached XP level 5. HP: 27/41 MP: 5/5
  2064 | D:3      | Reached skill level 1 in Stealth
  2076 | D:3      | Found a faded altar of an unknown god.
  2609 | D:4      | Learned a level 1 spell: Apportation
  2611 | D:4      | Learned a level 1 spell: Necrotise
  2613 | D:4      | Learned a level 1 spell: Sting
  2615 | D:4      | Learned a level 1 spell: Summon Small Mammal
  2672 | D:4      | Noticed an ogre
  2674 | D:4      | an ogre changed into a bat
  2674 | D:4      | XOM: polymorph ogre -> bat
  2702 | D:4      | Found a blossoming altar of Fedhas.
  2824 | D:4      | Reached skill level 1 in Polearms
  2963 | D:4      | Found a sacrificial altar of Ru.
  2982 | D:4      | XOM: 1-stop teleportation journey
  3035 | D:4      | Reached XP level 6. HP: 48/48 MP: 7/7
  3210 | D:4      | Reached skill level 1 in Spellcasting
  3496 | D:5      | Entered Level 5 of the Dungeon
  3517 | D:5      | XOM: scenery: create altars
  3523 | D:5      | XOM: enchant monster (good)
  3524 | D:5      | XOM: 1-stop teleportation journey
  3690 | D:5      | Found a glowing golden altar of the Shining One.
  3719 | D:5      | XOM: confuse monster(s)
  3721 | D:5      | Reached XP level 7. HP: 53/54 MP: 8/8
  3773 | D:5      | Noticed Eustachio
  3777 | D:5      | XOM: confuse monster(s)
  3795 | D:5      | Killed Eustachio
  3881 | D:5      | XOM: cloud trail
  3944 | D:5      | Reached skill level 1 in Alchemy
  3977 | D:5      | XOM: give mutations
  3977 | D:5      | Gained mutation: You are dopey. (Int -2) [Xom's mischief]
  3977 | D:5      | Gained mutation: Armour fits poorly on your strangely
                  | shaped body. [Xom's mischief]
  4008 | D:5      | Found a glowing silver altar of Zin.
  4110 | D:5      | Found a staircase to the Ecumenical Temple.
  4116 | Temple   | Entered the Ecumenical Temple
  4124 | D:5      | Noticed Pikel
  4144 | D:5      | Slain by Pikel

Illustrated notes

Levels and vault maps discovered:
D:1:      lemuel_arrival_broad_hall, layout_basic, serial_forest,
          infiniplex_forest_clump_small, infiniplex_forest_3_way,
          infiniplex_forest_clump_tiny, infiniplex_forest_end_3,
          infiniplex_forest_split, infiniplex_forest_corner_2,
          infiniplex_forest_corner_1, st_stairs_3
D:2:      layout_basic, serial_shops, shop, nicolae_shop_overgrown_old_shop,
          shop, nicolae_shop_hallway_plus, shop, minmay_domino_2
D:3:      layout_loops_ring, tgw_kikubaaqudgha,
          hellmonk_ecumenical_altar_inner_sanctum, serial_shops,
          nicolae_shop_hallway_plus, hangedman_glass_teeth,
          kennysheep_big_empty_room
D:4:      layout_basic, fedhas_altar_1, amcnicky_altar_gilded,
          chequers_serial_rivers_large_a
D:5:      wander_river, layout_basic, nicolae_tso_besieged_by_evil,
          mainiacjoe_overflow_surrounded_room, minmay_temple_entry_hall,
          uniq_sigmund, uniq_pikel, uniq_eustachio
Temple:   minmay_temple_curvy_loop

Skill      XL: |  1  2  3  4  5  6  7 |
---------------+----------------------+-----
Armour         | 2 3 |  3.5
Dodging        | 1 2 |  2.9
Evocations     | 1 2 |  2.4
Stealth        | 1 |  1.7
Polearms       | 1 |  1.6
Axes           | 4 |  4.6
Spellcasting   | 1 |  1.5
Fighting       | 4 |  4.5
Alchemy        | 1 |  1.0

Action                     |  1- 3 |  4- 6 |  7- 9 || total
---------------------------+-------+-------+-------++-------
  Melee: Dagger            |    49 |   163 |     5 ||   217
         Hand axe          |    54 |   178 |    34 ||   266
         Trident           |       |       |    42 ||    42
    Use: Scroll            |     1 |     5 |     3 ||     9
         Potion            |       |     1 |     3 ||     4
   Stab: Paralysed         |       |     3 |       ||     3
         Petrified         |       |     4 |       ||     4
         Sleeping          |       |     1 |     3 ||     4
         Confused          |       |       |     4 ||     4
 Armour: Leather armour    |    28 |   115 |     8 ||   151
         Scale mail        |       |       |    10 ||    10
  Dodge: Dodged            |    29 |   114 |    13 ||   156

Table legend: (Time is in decaauts)
 A = Elapsed time spent in this place.
 B = Non-inter-level travel time spent in this place.
 C = Inter-level travel time spent in this place.
 D = Time resting spent in this place.
 E = Time spent auto-exploring this place.
 F = Levels seen in this place.
 G = Mean time per level.
                   A        B        C        D        E       F      G
               +--------+--------+--------+--------+--------+-----+--------+
         Total |   4178 |   3963 |    215 |    306 |   2640 |   6 |  696.3 |
       Dungeon |   4176 |   3961 |    215 |    306 |   2640 |   5 |  835.2 |
        Temple |      1 |      1 |      0 |      0 |      0 |   1 |    1.0 |
               +--------+--------+--------+--------+--------+-----+--------+

Top non-repeatable levels by time:
     D:3: 1053 daAuts
     D:4: 961 daAuts
     D:2: 887 daAuts
     D:5: 653 daAuts
     D:1: 620 daAuts
  Temple: 1 daAuts
